 Dungeon Crawl Stone Soup version 0.29-a0-1061-gbc57f8fbdb (webtiles) character file.

Game seed: 9495990720023510021

120 nckisdnvfkl the Vexing (level 4, -3/21 HPs)
             Began as a Spriggan Enchanter on Aug 18, 2022.
             Killed by divine providence
             ... invoked by an orc priest
              (12 damage)
             ... on level 3 of the Dungeon.
             The game lasted 00:04:41 (3010 turns).

nckisdnvfkl the Vexing (Spriggan Enchanter)         Turns: 3010, Time: 00:04:42

Health: -3/21      AC:  2    Str:  6    XL:     4   Next: 75%
Magic:  7/11       EV: 17    Int: 16    God:
Gold:   144        SH:  0    Dex: 15    Spells: 1/12 levels left

rFire   . . .      SeeInvis +   a - +2 dagger
rCold   . . .      Faith    .   (no shield)
rNeg    . . .      Spirit   .   b - +0 robe
rPois   +          Reflect  .   (helmet restricted)
rElec   .          Harm     .   (no cloak)
rCorr   .          Rampage  .   (gloves unavailable)
Will    .....                   (boots unavailable)
Stlth   +++.......              (no amulet)
HPRegen 0.07/turn               h - ring of poison resistance
MPRegen 0.12/turn               j - ring of wizardry

@: invisible, very quick
A: very small, no large weapons, unfitting armour, see invisible, speed 3
a: no special abilities


You were on level 3 of the Dungeon.
You visited 1 branch of the dungeon, and saw 3 of its levels.

You collected 144 gold pieces.

Inventory:

Hand Weapons
 a - a +2 dagger (weapon)
Armour
 b - a +0 robe (worn)
Jewellery
 h - a ring of poison resistance (left hand)
 j - a ring of wizardry (right hand)
 k - a ring of fire
Potions
 c - a potion of invisibility
 d - a potion of lignification {unknown}
 e - 3 potions of haste {unknown}
 f - 6 potions of curing
 g - 4 potions of degeneration {unknown}
 i - a potion of heal wounds {unknown}


   Skills:
 - Level 1.1 Short Blades
 - Level 2.6 Dodging
 - Level 4.4 Stealth
 + Level 4.8 Spellcasting
 + Level 5.3 Hexes


You had one spell level left.
You knew the following spells:

 Your Spells              Type           Power      Damage    Failure   Level
a - Ensorcelled Hibernat  Hex/Ice        24%        N/A       3%          2
b - Tukima's Dance        Hex            21%        N/A       2%          3
c - Dazzling Flash        Conj/Hex       24%        N/A       6%          3
d - Confusing Touch       Hex            21%        N/A       2%          3

Your spell library contained the following spells:

 Spells                   Type           Power      Damage    Failure   Level
 Apportation              Tloc           6%         N/A       6%          1
 Alistair's Intoxication  Tmut/Pois      2%         N/A       83%         5


Dungeon Overview and Level Annotations

Branches:
Dungeon (3/15)

Altars:

Annotations:
D:3 2 runed translucent doors, Zero's ghost, amateur MiBe


Innate Abilities, Weirdness & Mutations

You are very small and have problems with some larger weapons.
You are too small for most types of armour.
You have supernaturally acute eyesight. (SInv)
You cover ground extremely quickly. (Speed+++)


Message History

Magic restored.
You start resting.
HP restored.
You climb downwards.
Level annotation: 2 runed translucent doors, Zero's ghost, amateur MiBe
There is a stone staircase leading up here.
Unknown command.
Unknown command.
An orc comes into view. It is wielding a +0 whip.
An orc priest comes into view.
It is wielding a +0 mace. 2 orcs come into view.
The orc shouts!
The orc priest shouts!
The orc shouts!
The orc shouts!
Casting: Ensorcelled Hibernation (safe; 3% risk of failure)
Confirm with . or Enter, or press ? or * to list all spells.
Aiming: Ensorcelled Hibernation (safe; 3% risk of failure)
Press: ? - help, Shift-Dir - straight line, f - orc priest
Aim: an orc priest, wielding a +0 mace and wearing a +0 leather armour (chance to affect: 46%)
The orc priest looks drowsy...
Unknown command.
The helpless orc priest fails to defend itself.
You puncture the orc priest!
The orc priest is almost dead.
The orc closely misses you. The orc priest hits you with a +0 mace.
Casting: Ensorcelled Hibernation (safe; 3% risk of failure)
Confirm with . or Enter, or press ? or * to list all spells.
Aiming: Ensorcelled Hibernation (safe; 3% risk of failure)
Press: ? - help, Shift-Dir - straight line, f - orc, p - orc priest
Aim: an orc, wielding a +0 flail and wearing a +0 ring mail (chance to affect: 63%)
The orc resists with significant effort.
The orc barely misses you.
The orc priest invokes the aid of Beogh against you.
Pain shoots through your body! The orc hits you with a +0 whip.
The orc barely misses you.
You fade into invisibility!
The orc barely misses you.
The orc priest invokes the aid of Beogh against you.
Beogh smites you!
Ouch! That really hurt!
You die...

###............
...........#............
...........#...#........
...........#...#........
...........#...#......##
...........#....#.......
.......................#
......oo................
......o@................
......o.................
........................
......................<.
........................
........................
.......................#
.......................#
...................'


You could see an orc priest (unable to see you) and 3 orcs.

Vanquished Creatures
  3 adders (D:2)
  2 gnolls
  5 dart slugs
  3 ball pythons
  6 endoplasms
  3 giant cockroaches
  5 hobgoblins
  2 quokkas
  A bat (D:1)
  3 frilled lizards
  7 goblins
  7 kobolds
  6 rats
53 creatures vanquished.

Vanquished Creatures (collateral kills)
  A gnoll (D:3)
1 creature vanquished.

Vanquished Creatures (others)
  2 dancing weapons (D:3)
2 creatures vanquished.

Grand Total: 56 creatures vanquished

Notes
Turn   | Place    | Note
-------+----------+-------------------------------------------
     0 | D:1      | nckisdnvfkl the Spriggan Enchanter began the quest for the
                  | Orb.
     0 | D:1      | Reached XP level 1. HP: 9/9 MP: 5/5
   401 | D:1      | Reached skill level 4 in Hexes
   406 | D:1      | Reached XP level 2. HP: 13/13 MP: 7/7
   409 | D:1      | Learned a level 2 spell: Ensorcelled Hibernation
   792 | D:1      | Reached XP level 3. HP: 16/16 MP: 9/9
   796 | D:1      | Learned a level 3 spell: Tukima's Dance
   800 | D:1      | Learned a level 3 spell: Confusing Touch
  1639 | D:2      | Reached XP level 4. HP: 21/21 MP: 11/11
  1664 | D:2      | Reached skill level 5 in Hexes
  2107 | D:3      | Found a large runed translucent door.
  2107 | D:3      | Found a large runed translucent door.
  2217 | D:3      | Noticed Zero's ghost (amateur MiBe)
  2315 | D:3      | Learned a level 3 spell: Dazzling Flash
  3010 | D:3      | Killed from afar by an orc priest

Illustrated notes

Levels and vault maps discovered:
D:1:      wander_arrival_desolate, layout_basic
D:2:      layout_rooms
D:3:      layout_basic, ebering_ghost_disaster_area

Skill      XL: |  1  2  3  4 |
---------------+-------------+-----
Spellcasting   | 3 4 |  4.8
Hexes          | 4 5 |  5.3
Short Blades   | |  1.1
Dodging        | |  2.6
Stealth        | |  4.4

Action                   |  1- 3 |  4- 6 || total
-------------------------+-------+-------++-------
Melee: Dagger            |    80 |    82 ||   162
       Punch             |     1 |     2 ||     3
 Cast: Ensorcelled Hiber |     9 |    12 ||    21
       Tukima's Dance    |       |     3 ||     3
  Use: Scroll            |     3 |     4 ||     7
       Potion            |       |     1 ||     1
 Stab: Sleeping          |    13 |     3 ||    16
Armor: Robe              |     5 |     7 ||    12
Dodge: Dodged            |    49 |    68 ||   117

Table legend: (Time is in decaauts)
 A = Elapsed time spent in this place.
 B = Non-inter-level travel time spent in this place.
 C = Inter-level travel time spent in this place.
 D = Time resting spent in this place.
 E = Time spent auto-exploring this place.
 F = Levels seen in this place.
 G = Mean time per level.
                   A        B        C        D        E       F      G
               +--------+--------+--------+--------+--------+-----+--------+
         Total |   2426 |   2368 |     58 |    500 |   1490 |   3 |  808.7 |
       Dungeon |   2426 |   2368 |     58 |    500 |   1490 |   3 |  808.7 |
               +--------+--------+--------+--------+--------+-----+--------+

Top non-repeatable levels by time:
     D:2: 1122 daAuts
     D:1: 848 daAuts
     D:3: 455 daAuts
